| TOP OF THE 1ST |
|
West Michigan Whitecaps batting - Pitching for Kannapolis Intimidators : RHP Doug Frampton
|
|
Pitching: RHP Doug Frampton
|
|
|
Batting: RHB Brandon O'Malley
|
0-0: Swinging Strike 0-1: Fly out, F9 (Flyball, 9D, EV 90.6 MPH)
|
|
Batting: SHB Willie Medina
|
0-0: Ball 1-0: Ball 2-0: Called Strike 2-1: SINGLE (Line Drive, 7S, EV 93.8 MPH)
|
|
Batting: SHB Chris Wagler
|
0-0: Ball 1-0: Ball 2-0: Called Strike 2-1: Grounds out, U3 (Groundball, 3L, EV 98.1 MPH)
|
|
Batting: RHB Tony Nunez
|
0-0: Swinging Strike 0-1: Called Strike 0-2: Strikes out swinging
|
| Top of the 1st over - 0 runs, 1 hit, 0 errors, 1 left on base; West Michigan 0 - Kannapolis 0 |
| BOTTOM OF THE 1ST |
|
Kannapolis Intimidators batting - Pitching for West Michigan Whitecaps : RHP Juan Cornejo
|
|
Pitching: RHP Juan Cornejo
|
|
|
Batting: RHB Adam Lambert
|
0-0: Called Strike 0-1: Ball 1-1: Ball 2-1: Ground out 1-3 (Groundball, 15S, EV 66.9 MPH)
|
|
Batting: RHB Josiah Wright
|
0-0: Ball 1-0: Foul Ball, location: 2F 1-1: Ball 2-1: Fly out, F2 (Popup, 15S, EV 82.5 MPH)
|
|
Batting: RHB Vic Lucatero
|
0-0: Ball 1-0: Foul Ball, location: 2F 1-1: Ball 2-1: Foul Ball, location: 2F 2-2: Ball 3-2: SOLO HOME RUN (Flyball, 78XD, EV 101.2 MPH), Distance : 385 ft
|
|
Batting: SHB Matt Childers
|
0-0: Swinging Strike 0-1: Called Strike 0-2: Ball 1-2: Strikes out swinging
|
| Bottom of the 1st over - 1 run, 1 hit, 0 errors, 0 left on base; West Michigan 0 - Kannapolis 1 |
| TOP OF THE 2ND |
|
West Michigan Whitecaps batting - Pitching for Kannapolis Intimidators : RHP Doug Frampton
|
|
Batting: RHB Mike Sebastian
|
0-0: Ball 1-0: Ball 2-0: Ball 3-0: Called Strike 3-1: Swinging Strike 3-2: Strikes out swinging
|
|
Batting: RHB Joe Zimmerman
|
0-0: Called Strike 0-1: Ball 1-1: Ball 2-1: Swinging Strike 2-2: Foul Ball, location: 2F 2-2: Strikes out looking
|
|
Batting: LHB Brad Gaskill
|
0-0: Foul Ball, location: 2F 0-1: Ball 1-1: Swinging Strike 1-2: Ball 2-2: Foul Ball, location: 2F 2-2: Ground out 6-3 (Groundball, 4MD, EV 101.9 MPH)
|
| Top of the 2nd over - 0 runs, 0 hits, 0 errors, 0 left on base; West Michigan 0 - Kannapolis 1 |
| BOTTOM OF THE 2ND |
|
Kannapolis Intimidators batting - Pitching for West Michigan Whitecaps : RHP Juan Cornejo
|
|
Batting: LHB Kevin Rolison
|
0-0: Ball 1-0: Foul Ball, location: 2F 1-1: Ball 2-1: Ball 3-1: Fly out, F8 (Line Drive, 8LD, EV 93.1 MPH)
|
|
Batting: SHB Josh Conner
|
0-0: Swinging Strike 0-1: Swinging Strike 0-2: Foul Ball, location: 2F 0-2: Ball 1-2: Strikes out swinging
|
|
Batting: RHB Peter Wheeler
|
0-0: Ball 1-0: SINGLE (Line Drive, 4MD, EV 106.2 MPH)
|
|
Batting: LHB Robert Rauda
|
0-0: Called Strike 0-1: Ball 1-1: Ground out 4-3 (Groundball, 34, EV 81.9 MPH)
|
| Bottom of the 2nd over - 0 runs, 1 hit, 0 errors, 1 left on base; West Michigan 0 - Kannapolis 1 |
| TOP OF THE 3RD |
|
West Michigan Whitecaps batting - Pitching for Kannapolis Intimidators : RHP Doug Frampton
|
|
Batting: RHB Jamie Villagrana
|
0-0: Called Strike 0-1: Ball 1-1: Fly out, F9 (Flyball, 9S, EV 88.8 MPH)
|
|
Batting: RHB Ernst Meloche
|
0-0: Called Strike 0-1: Ball 1-1: Called Strike 1-2: Ball 2-2: SINGLE (Line Drive, 6D, EV 103.1 MPH)
|
|
Batting: RHB Brandon O'Malley
|
0-0: Ball 1-0: Swinging Strike 1-1: Called Strike 1-2: Strikes out looking
|
|
Batting: SHB Willie Medina
|
0-0: Called Strike 0-1: Ball 1-1: Ball Ernst Meloche steals 2nd base 2-1: SINGLE (Groundball, 4MD, EV 104.4 MPH) Ernst Meloche to third Runner from 3rd tries for Home, SAFE, throw by CF to home Willie Medina to second
|
|
Batting: SHB Chris Wagler
|
0-0: Ball 1-0: Ball 2-0: Called Strike 2-1: Ball 3-1: Foul Ball, location: 2F 3-2: Strikes out swinging
|
| Top of the 3rd over - 1 run, 2 hits, 0 errors, 1 left on base; West Michigan 1 - Kannapolis 1 |
| BOTTOM OF THE 3RD |
|
Kannapolis Intimidators batting - Pitching for West Michigan Whitecaps : RHP Juan Cornejo
|
|
Batting: RHB Egidius Kruger
|
0-0: Foul Ball, location: 2F 0-1: Ground out 6-3 (Groundball, 6, EV 102.5 MPH)
|
|
Batting: RHB Adam Lambert
|
0-0: Called Strike 0-1: Reached on error, E6 (Groundball, 6, EV 100.0 MPH)
|
|
Batting: RHB Josiah Wright
|
0-0: Ball 1-0: Called Strike 1-1: Called Strike Adam Lambert steals 2nd base 1-2: Foul Ball, location: 2F 1-2: Foul Ball, location: 2F 1-2: SINGLE (Line Drive, 9LS, EV 101.9 MPH) Adam Lambert to third
|
|
Batting: RHB Vic Lucatero
|
0-0: Ball Josiah Wright steals 2nd base 1-0: Called Strike 1-1: SINGLE (Groundball, 56, EV 99.4 MPH) Adam Lambert scores Josiah Wright to third Runner from 3rd tries for Home, SAFE, throw by LF to home
|
|
Batting: SHB Matt Childers
|
0-0: Called Strike 0-1: Ball 1-1: Swinging Strike 1-2: Strikes out swinging
|
|
Batting: LHB Kevin Rolison
|
0-0: Ball Vic Lucatero steals 2nd base 1-0: Ball 2-0: Foul Ball, location: 2F 2-1: Ball 3-1: SINGLE (Groundball, 4MD, EV 100.6 MPH) Vic Lucatero to third Runner from 3rd tries for Home, SAFE, throw by CF to home
|
|
Batting: SHB Josh Conner
|
0-0: Called Strike 0-1: Ball 1-1: Foul Ball, location: 2F 1-2: Ball 2-2: Strikes out swinging
|
| Bottom of the 3rd over - 3 runs, 3 hits, 1 error, 1 left on base; West Michigan 1 - Kannapolis 4 |
| TOP OF THE 4TH |
|
West Michigan Whitecaps batting - Pitching for Kannapolis Intimidators : RHP Doug Frampton
|
|
Batting: RHB Tony Nunez
|
0-0: Ball 1-0: Called Strike 1-1: Ball 2-1: SINGLE (Line Drive, 5L, EV 94.4 MPH)
|
|
Batting: RHB Mike Sebastian
|
0-0: Ball 1-0: Called Strike 1-1: Fielders Choice at 2nd, 5-4 (Groundball, 5S, EV 89.4 MPH)
|
|
Batting: RHB Joe Zimmerman
|
0-0: Ball Mike Sebastian is caught stealing 2nd base 2-4 1-0: Foul Ball, location: 2F 1-1: Foul Ball, location: 2F 1-2: Foul Ball, location: 2F 1-2: Strikes out swinging
|
| Top of the 4th over - 0 runs, 1 hit, 0 errors, 0 left on base; West Michigan 1 - Kannapolis 4 |
| BOTTOM OF THE 4TH |
|
Kannapolis Intimidators batting - Pitching for West Michigan Whitecaps : RHP Juan Cornejo
|
|
Batting: RHB Peter Wheeler
|
0-0: Ball 1-0: Called Strike 1-1: Fly out, F8 (Flyball, 8RM, EV 82.5 MPH)
|
|
Batting: LHB Robert Rauda
|
0-0: Ground out U3 (Groundball, 3, EV 86.2 MPH)
|
|
Batting: RHB Egidius Kruger
|
0-0: Swinging Strike 0-1: Called Strike 0-2: Ball 1-2: Strikes out swinging
|
| Bottom of the 4th over - 0 runs, 0 hits, 0 errors, 0 left on base; West Michigan 1 - Kannapolis 4 |
| TOP OF THE 5TH |
|
West Michigan Whitecaps batting - Pitching for Kannapolis Intimidators : RHP Doug Frampton
|
|
Batting: LHB Brad Gaskill
|
0-0: Called Strike 0-1: Ball 1-1: Called Strike 1-2: Hit by Pitch
|
|
Batting: RHB Jamie Villagrana
|
0-0: Called Strike 0-1: Ball 1-1: Ball 2-1: Ball 3-1: Fielders Choice at 2nd, 5-4 (Groundball, 56, EV 78.8 MPH)
|
|
Batting: RHB Ernst Meloche
|
0-0: Called Strike 0-1: Ball 1-1: Hit by Pitch Jamie Villagrana to second
|
|
Batting: RHB Brandon O'Malley
|
0-0: Called Strike 0-1: Ball 1-1: Swinging Strike 1-2: Strikes out swinging
|
|
Batting: SHB Willie Medina
|
0-0: Ball 1-0: Ball 2-0: Ground out U3 (Groundball, 3L, EV 110.6 MPH)
|
| Top of the 5th over - 0 runs, 0 hits, 0 errors, 2 left on base; West Michigan 1 - Kannapolis 4 |
| BOTTOM OF THE 5TH |
|
Kannapolis Intimidators batting - Pitching for West Michigan Whitecaps : RHP Juan Cornejo
|
|
Batting: RHB Adam Lambert
|
0-0: Called Strike 0-1: Called Strike 0-2: Fly out, F7 (Line Drive, 78S, EV 91.2 MPH)
|
|
Batting: RHB Josiah Wright
|
0-0: Ball 1-0: Called Strike 1-1: Foul Ball, location: 2F 1-2: Strikes out swinging
|
|
Batting: RHB Vic Lucatero
|
0-0: Called Strike 0-1: Called Strike 0-2: Ball 1-2: Ball 2-2: Strikes out swinging
|
| Bottom of the 5th over - 0 runs, 0 hits, 0 errors, 0 left on base; West Michigan 1 - Kannapolis 4 |
| TOP OF THE 6TH |
|
West Michigan Whitecaps batting - Pitching for Kannapolis Intimidators : RHP Doug Frampton
|
|
Batting: SHB Chris Wagler
|
0-0: Swinging Strike 0-1: Ground out 4-3 (Groundball, 4, EV 87.5 MPH)
|
|
Batting: RHB Tony Nunez
|
0-0: Swinging Strike 0-1: Fly out, F7 (Flyball, 7D, EV 85.0 MPH)
|
|
Batting: RHB Mike Sebastian
|
0-0: Called Strike 0-1: Ball 1-1: Foul Ball, location: 2F 1-2: Foul Ball, location: 2F 1-2: SINGLE (Line Drive, 6MD, EV 95.0 MPH)
|
|
Batting: RHB Joe Zimmerman
|
0-0: Ball Mike Sebastian steals 2nd, throwing error, E2 Mike Sebastian to third 1-0: Fly out, F7 (Flyball, 7D, EV 105.0 MPH)
|
| Top of the 6th over - 0 runs, 1 hit, 1 error, 1 left on base; West Michigan 1 - Kannapolis 4 |
| BOTTOM OF THE 6TH |
|
Kannapolis Intimidators batting - Pitching for West Michigan Whitecaps : RHP Juan Cornejo
|
|
Batting: SHB Matt Childers
|
0-0: Ball 1-0: Ball 2-0: Called Strike 2-1: Foul Ball, location: 2F 2-2: Ball 3-2: Fly out, F8 (Line Drive, 8RD, EV 103.8 MPH)
|
|
Pitching: RHP Jerome Stady
|
|
|
Batting: LHB Kevin Rolison
|
0-0: Foul Ball, location: 2F 0-1: Reached on error, E2 (Groundball, 13S, EV 68.1 MPH)
|
|
Batting: SHB Josh Conner
|
0-0: Foul Ball, location: 2F 0-1: Foul Ball, location: 2F 0-2: Ball 1-2: Ground out 4-3 (Groundball, 4, EV 85.6 MPH) Kevin Rolison to third
|
|
Batting: RHB Peter Wheeler
|
0-0: Ball 1-0: Ball 2-0: Called Strike 2-1: SINGLE (Groundball, 4M, EV 84.4 MPH) (infield hit) Kevin Rolison scores
|
|
Batting: LHB Robert Rauda
|
0-0: Foul Ball, location: 2F 0-1: Reached on error, E8 (Line Drive, 8LD, EV 100.0 MPH) Peter Wheeler to third
|
|
Batting: RHB Egidius Kruger
|
0-0: Swinging Strike 0-1: Ball 1-1: Foul Ball, location: 2F 1-2: Fly out, F5 (Popup, 5F, EV 71.2 MPH)
|
| Bottom of the 6th over - 1 run, 1 hit, 2 errors, 2 left on base; West Michigan 1 - Kannapolis 5 |
| TOP OF THE 7TH |
|
West Michigan Whitecaps batting - Pitching for Kannapolis Intimidators : RHP Doug Frampton
|
|
Batting: LHB Brad Gaskill
|
0-0: Called Strike 0-1: Ball 1-1: Foul Ball, location: 2F 1-2: Ball 2-2: Ball 3-2: Foul Ball, location: 2F 3-2: Base on Balls
|
|
Pitching: RHP Frank Gamez
|
|
|
Batting: RHB Jamie Villagrana
|
0-0: Ball 1-0: Ball Passed Ball! Brad Gaskill to second 2-0: Ball 3-0: Called Strike 3-1: Base on Balls
|
|
Batting: RHB Ernst Meloche
|
0-0: Foul Ball, location: 2F 0-1: DOUBLE (Line Drive, 9LS, EV 110.0 MPH) Brad Gaskill scores Jamie Villagrana to third Runner from 3rd tries for Home, SAFE, throw by RF to home
|
|
Batting: RHB Brandon O'Malley
|
0-0: Called Strike 0-1: Swinging Strike 0-2: Strikes out swinging
|
|
Batting: SHB Willie Medina
|
0-0: Foul Ball, location: 2F 0-1: Swinging Strike 0-2: Foul Ball, location: 2F 0-2: Ball 1-2: Foul Ball, location: 2F 1-2: Ball 2-2: Ball 3-2: Fly out, F9 (Flyball, 9D, EV 96.9 MPH) Runner from 2nd tags up, SAFE at 3rd, no throw by RF
|
|
Batting: SHB Chris Wagler
|
0-0: 2-RUN HOME RUN (Flyball, 9D, EV 97.5 MPH), Distance : 363 ft
|
|
Pitching: RHP Toby Riley
|
|
|
Batting: RHB Tony Nunez
|
0-0: Called Strike 0-1: Swinging Strike 0-2: Foul Ball, location: 2F 0-2: Ball 1-2: Strikes out swinging
|
| Top of the 7th over - 4 runs, 2 hits, 0 errors, 0 left on base; West Michigan 5 - Kannapolis 5 |
| BOTTOM OF THE 7TH |
|
Kannapolis Intimidators batting - Pitching for West Michigan Whitecaps : RHP Jerome Stady
|
|
Batting: RHB Adam Lambert
|
0-0: Ball 1-0: Ground out 4-3 (Groundball, 34D, EV 79.4 MPH)
|
|
Batting: RHB Josiah Wright
|
0-0: Called Strike 0-1: Foul Ball, location: 2F 0-2: Ball 1-2: Ball 2-2: Ball 3-2: SINGLE (Groundball, 4D, EV 111.2 MPH)
|
|
Batting: RHB Vic Lucatero
|
0-0: Called Strike 0-1: Ball 1-1: Ball 2-1: Fielders Choice at 2nd, 5-4 (Groundball, 56, EV 90.6 MPH)
|
|
Batting: SHB Matt Childers
|
0-0: Called Strike 0-1: Ball 1-1: Ground out U3 (Groundball, 34S, EV 85.6 MPH)
|
| Bottom of the 7th over - 0 runs, 1 hit, 0 errors, 1 left on base; West Michigan 5 - Kannapolis 5 |
| TOP OF THE 8TH |
|
West Michigan Whitecaps batting - Pitching for Kannapolis Intimidators : RHP Toby Riley
|
|
Batting: RHB Mike Sebastian
|
0-0: Ball 1-0: Ball 2-0: Ball 3-0: Base on Balls
|
|
Batting: RHB Joe Zimmerman
|
0-0: Called Strike 0-1: Swinging Strike 0-2: Ball 1-2: Ball 2-2: Ball 3-2: Strikes out swinging
|
|
Batting: LHB Brad Gaskill
|
0-0: Called Strike Mike Sebastian is caught stealing 2nd base 2-6 0-1: Ball 1-1: Swinging Strike 1-2: Ball 2-2: Ball 3-2: Strikes out swinging
|
| Top of the 8th over - 0 runs, 0 hits, 0 errors, 0 left on base; West Michigan 5 - Kannapolis 5 |
| BOTTOM OF THE 8TH |
|
Kannapolis Intimidators batting - Pitching for West Michigan Whitecaps : RHP Jerome Stady
|
|
Pitching: LHP Jesse Turner
|
|
|
Pinch Hitting: RHB Mark Jones
|
0-0: Ball 1-0: Called Strike 1-1: Foul Ball, location: 2F 1-2: Foul Ball, location: 2F 1-2: Foul Ball, location: 2F 1-2: Ball 2-2: Foul Ball, location: 2F 2-2: Ball 3-2: SINGLE (Groundball, 56D, EV 96.2 MPH)
|
|
Batting: SHB Josh Conner
|
0-0: Called Strike 0-1: Ball 1-1: Ball 2-1: Ball 3-1: SINGLE (Line Drive, 9S, EV 100.6 MPH) Mark Jones to second
|
|
Batting: RHB Peter Wheeler
|
0-0: Called Strike 0-1: Swinging Strike 0-2: Fly out, F7 (Line Drive, 7S, EV 88.1 MPH)
|
|
Batting: LHB Robert Rauda
|
0-0: Called Strike 0-1: Swinging Strike 0-2: Foul Ball, location: 2F 0-2: Strikes out looking
|
|
Batting: RHB Egidius Kruger
|
0-0: Ball 1-0: Ball 2-0: Called Strike 2-1: SINGLE (Groundball, 4MD, EV 104.4 MPH) Mark Jones to third Josh Conner to second Runner from 3rd tries for Home, SAFE, throw by CF to home
|
|
Batting: RHB Adam Lambert
|
0-0: Fly out, F9 (Line Drive, 9, EV 97.5 MPH)
|
| Bottom of the 8th over - 1 run, 3 hits, 0 errors, 2 left on base; West Michigan 5 - Kannapolis 6 |
| TOP OF THE 9TH |
|
West Michigan Whitecaps batting - Pitching for Kannapolis Intimidators : RHP Toby Riley
|
|
Pitching: LHP Jonas Jennings
|
|
|
Now at 1B: Tyrell Camp
|
|
|
Batting: RHB Jamie Villagrana
|
0-0: Ball 1-0: Called Strike 1-1: Fly out, F8 (Flyball, 8RM, EV 89.4 MPH)
|
|
Batting: RHB Ernst Meloche
|
0-0: SINGLE (Line Drive, 34, EV 105.0 MPH)
|
|
Batting: RHB Brandon O'Malley
|
0-0: Called Strike 0-1: Ground out 4-3 (Groundball, 34S, EV 72.5 MPH) Ernst Meloche to second
|
|
Batting: SHB Willie Medina
|
0-0: Ball Wild Pitch! Ernst Meloche to third 1-0: Ground out 5-3 (Groundball, 56S, EV 83.1 MPH)
|
| Top of the 9th over - 0 runs, 1 hit, 0 errors, 1 left on base; West Michigan 5 - Kannapolis 6 |
|